 Dungeon Crawl Stone Soup version 0.28.0-53-g5a82cb258f (webtiles) character file.

Game seed: 9966423759082566014

424 bnorton916 the Magician (level 6, -4/26 (32) HPs)
             Began as a Deep Elf Fire Elementalist on May 29, 2022.
             Slain by Edmund
             ... wielding a +2 flail of draining
              (14 damage)
             ... on level 4 of the Dungeon.
             The game lasted 00:06:11 (6384 turns).

bnorton916 the Magician (DEFE)                      Turns: 6384, Time: 00:06:12

HP:   -4/26 (32)    AC:  5    Str:  5    XL:     6   Next: 64%
MP:   7/16          EV: 12    Int: 22    God:
Gold: 219           SH:  0    Dex: 15    Spells: 13/16 levels left

rFire   . . .      SeeInvis .   (no weapon)
rCold   . . .      Faith    .   (no shield)
rNeg    . . .      Spirit   .   a - +0 robe
rPois   .          Reflect  .   l - +0 helmet
rElec   .          Harm     .   q - +0 cloak
rCorr   .          Rampage  .   (no gloves)
Will    .....                   e - +0 pair of boots
Stlth   ++........              k - amulet of regeneration
HPRegen 0.88/turn               (no ring)
MPRegen 0.15/turn               (no ring)

@: heavily drained
A: no striking features
a: no special abilities


You were on level 4 of the Dungeon.
You visited 1 branch of the dungeon, and saw 4 of its levels.

You collected 219 gold pieces.

Inventory:

Hand Weapons
 m - a +1 dagger of flaming
 r - a +3 quarterstaff of chaos
Missiles
 j - 7 poisoned darts
Armour
 a - a +0 robe (worn)
 e - a +0 pair of boots (worn)
 l - a +0 helmet (worn)
 p - the +1 leather armour of the Old World {Will+ Str-5 Dex+5}
   (You found it on level 2 of the Dungeon)

   Str:       It affects your strength (-5).
   Dex:       It affects your dexterity (+5).
   Will:      It increases your willpower.
 q - a +0 cloak (worn)
Jewellery
 k - an amulet of regeneration (around neck)
Scrolls
 c - a scroll of identify {unknown}
 d - a scroll of enchant armour {unknown}
 h - a scroll of fog {unknown}
 n - a scroll of amnesia {unknown}
 s - a scroll of enchant weapon {unknown}
 t - a scroll of vulnerability {unknown}
 u - 2 scrolls of blinking {unknown}
Potions
 b - a potion of attraction {unknown}
 f - a potion of berserk rage {unknown}
 g - 2 potions of ambrosia {unknown}
 i - a potion of brilliance {unknown}
 o - 2 potions of heal wounds {unknown}
 v - a potion of curing {unknown}


   Skills:
 + Level 1.3 Armour
 - Level 2.4 Dodging
 - Level 2.4 Stealth
 + Level 5.8 Spellcasting
 + Level 4.2 Conjurations
 + Level 5.2 Fire Magic


You had 13 spell levels left.
You knew the following spells:

 Your Spells              Type           Power      Damage    Failure   Level
a - Foxfire               Conj/Fire      100%       2x1d9     1%          1
b - Scorch                Fire           58%        2d8       1%          2

Your spell library contained the following spells:

 Spells                   Type           Power      Damage    Failure   Level
 Conjure Flame            Conj/Fire      27%        6-21      4%          3
 Inner Flame              Hex/Fire       18%        N/A       10%         3
 Flame Wave               Conj/Fire      27%        2d7       13%         4
 Passage of Golubria      Tloc           6%         N/A       67%         4
 Silence                  Hex/Air        3%         N/A       95%         5
 Lehudib's Crystal Spear  Conj/Erth      7%         10d3      100%        8


Dungeon Overview and Level Annotations

Branches:
Dungeon (4/15)
 Temple: D:4-7

Altars:

Shops:
D:3 [

Annotations:
D:4 Edmund


Message History

Confirm with . or Enter, or press ? or * to list all spells.
Flames lash Edmund.
Edmund is moderately wounded.
Edmund's fire resistance burns away.
Edmund misses you. Edmund misses you.
Casting: Scorch (safe; 1% risk of failure)
Confirm with . or Enter, or press ? or * to list all spells.
Flames lash Edmund.
Edmund is burned terribly!
Edmund is heavily wounded.
Edmund hits you with a +2 flail of draining!
You feel drained. Edmund barely misses you.
Casting: Scorch (safe; 1% risk of failure)
Confirm with . or Enter, or press ? or * to list all spells.
Flames lash Edmund.
Edmund is burned terribly!
Edmund is severely wounded.
Edmund hits you with a +2 flail of draining.
You feel drained.
Edmund hits you with a +2 flail of draining!
You feel drained.
Unknown command.
There is an open door here.
Casting: Scorch (safe; 1% risk of failure)
Confirm with . or Enter, or press ? or * to list all spells.
You conjure some foxfire!
Edmund hits you with a +2 flail of draining!
You feel drained.
* * * LOW HITPOINT WARNING * * *
The foxfire hits Edmund!
Edmund is burned terribly!
Edmund is almost dead.
The foxfire hits Edmund but does no damage.
Edmund is almost dead.
Edmund barely misses you.
Casting: Foxfire (safe; 1% risk of failure)
Confirm with . or Enter, or press ? or * to list all spells.
Flames lash Edmund.
Edmund is almost dead.
Edmund hits you with a +2 flail of draining!
Ouch! That really hurt!
You die...

#####################
#.......#.(..........
#.......#...........
+.......'..@@.......
#.......#......######+#
#.......##.....##.....#
#'########.....##.....#
#.
................#####+
#.
......................
#@
......................
#.
......................
#.
...##.....##.....##..


You could see Edmund (combustible).

Vanquished Creatures
  Sigmund (D:4)
  Crazy Yiuf (D:2)
  Terence (D:2)
  A killer bee zombie (D:3)
  Robin (D:2)
  6 gnolls
  6 adders
  An adder skeleton (D:4)
  2 dart slugs
  3 orcs (D:3)
  2 bats (D:1)
  8 endoplasms
  2 giant cockroaches (D:2)
  11 goblins
  9 hobgoblins
  2 jackals (D:2)
  4 kobolds
  3 quokkas (D:1)
  7 ball pythons
  A frilled lizard (D:2)
  6 rats
78 creatures vanquished.

Vanquished Creatures (others)
  357 foxfires
357 creatures vanquished.

Grand Total: 435 creatures vanquished

Notes
Turn   | Place    | Note
-------+----------+-------------------------------------------
     0 | D:1      | bnorton916 the Deep Elf Fire Elementalist began the quest
                  | for the Orb.
     0 | D:1      | Reached XP level 1. HP: 10/10 MP: 6/6
   616 | D:1      | Reached XP level 2. HP: 15/15 MP: 4/8
  1782 | D:2      | Noticed Robin
  1795 | D:1      | Reached XP level 3. HP: 14/19 MP: 6/10
  2094 | D:2      | Noticed Terence
  2104 | D:2      | Killed Terence
  2180 | D:2      | Killed Robin
  2594 | D:2      | Reached XP level 4. HP: 22/24 MP: 7/12
  3394 | D:2      | Noticed a phantom
  3422 | D:2      | Learned a level 2 spell: Scorch
  3503 | D:2      | Identified the +1 leather armour of the Old World {Will+
                  | Str-5 Dex+5}
  3883 | D:2      | Found a runed translucent door.
  3884 | D:2      | Noticed Crazy Yiuf
  4235 | D:2      | Killed Crazy Yiuf
  4236 | D:2      | Reached XP level 5. HP: 19/28 MP: 8/14
  4366 | D:3      | Found Orem's Antique Armour Boutique.
  4633 | D:3      | Reached skill level 5 in Spellcasting
  5540 | D:4      | Identified the +8 war axe of the Heavens {antimagic, +Blink
                  | Dex+3}
  5768 | D:4      | Noticed Sigmund
  5782 | D:4      | Killed Sigmund
  5783 | D:4      | Reached skill level 1 in Armour
  5783 | D:4      | Reached skill level 5 in Fire Magic
  5783 | D:4      | Reached XP level 6. HP: 32/32 MP: 8/16
  6360 | D:4      | Noticed Edmund
  6384 | D:4      | Slain by Edmund

Illustrated notes

Levels and vault maps discovered:
D:1:      dpeg_arrival_three_smaller_balls, layout_basic,
          amcnicky_mini_rare_corridor_liquid
D:2:      layout_basic, lightli_corner_chamber, uniq_crazy_yiuf_cottage,
          uniq_robin, uniq_terence
D:3:      layout_loops_corners, serial_shops, shop
D:4:      layout_gridville, chequers_serial_rivers_micro_e, uniq_edmund,
          uniq_sigmund

Skill      XL: |  1  2  3  4  5 |
---------------+----------------+-----
Conjurations   | 2 3 4 |  4.2
Spellcasting   | 4 5 |  5.8
Fire Magic     | 4 5 |  5.2
Armour         | 1 |  1.3
Dodging        | |  2.4
Stealth        | |  2.4

Action                   |  1- 3 |  4- 6 || total
-------------------------+-------+-------++-------
 Cast: Foxfire           |    98 |   135 ||   233
       Scorch            |       |    13 ||    13
Armor: Robe              |    10 |     6 ||    16
Dodge: Dodged            |    27 |    26 ||    53
